Map: Kairos Junction LE

Players

Countess - Winner!

  • Race: Protoss Protoss
  • League: Master
  • Spawn Location: 5:00

A.I. 2 (Easy)

  • Race: Terran Terran
  • Spawn Location: 11:00

VOD

Have the link to the VOD?

Description

Time

  • Played on: Aug. 17, 2019, 4:46 p.m.
  • Length: 9:00
Show
View Real Time Build Order
Export as new Build Order

Countess Protoss - Winner!

Build Orders: 1 Gate Expand, Blink Stalkers, Colossus Rush 

Get SALT Encoding   

  12  0:01  Probe  
  13  0:13  Probe  
  14  0:18  Pylon  
  14  0:24  Probe  
  15  0:33  Probe  
  15  0:37  Gateway  
  15  0:41  Probe  
  16  0:46  Assimilator  
  17  0:52  Probe  
  19  1:04  Probe  
  19  1:16  Probe  
  20  1:25  Nexus  
  20  1:35  Cybernetics Core  
  20  1:38  Probe  
  21  1:45  Assimilator  
  21  1:47  Probe  
  21  1:53  Pylon  
  22  1:56  Probe  
  23  2:02  Adept  
  23  2:09  Probe  
  26  2:21  Probe  
  27  2:26  Stalker  
  27  2:30  Twilight Council  
  27  2:33  Probe  
  30  2:38  Probe  
  31  2:45  Probe  
  31  2:49  Warp Gate  
  31  2:50  Probe  
  33  2:58  Probe  
  34  3:02  Probe  
  35  3:06  Blink  
  35  3:10  Probe  
  36  3:12  Robotics Facility  
  36  3:16  Probe  
  37  3:22  Probe  
  37  3:24  Gateway  
  38  3:27  Gateway  
  38  3:29  Probe  
  39  3:36  Probe  
  39  3:41  Probe  
  41  3:42  Pylon  
  41  3:48  Probe  
  42  3:49  Probe  
  43  3:55  Assimilator  
  43  3:58  Probe  
  43  3:59  Observer  
  43  4:00  Pylon, Probe  
  46  4:14  Probe x2  
  48  4:22  Observer  
  49  4:28  Nexus  
  49  4:29  Pylon  
  49  4:30  Probe x2  
  51  4:39  Stalker x3  
  57  4:47  Probe x2  
  57  4:51  Assimilator  
  59  5:02  Robotics Bay  
  59  5:03  Pylon  
  59  5:05  Pylon  
  59  5:06  Gateway  
  59  5:08  Pylon  
  59  5:11  Gateway  
  59  5:14  Gateway  
  59  5:16  Charge  
  59  5:22  Probe  
  59  5:23  Probe  
  61  5:31  Stalker x3  
  61  5:35  Probe  
  68  5:39  Colossus, Probe x2  
  70  5:54  Probe x2  
  70  5:55  Probe  
  79  6:05  Gateway  
  79  6:06  Gateway  
  79  6:07  Gateway  
  79  6:08  Forge  
  79  6:09  Forge  
  79  6:11  Extended Thermal Lance  
  79  6:21  Protoss Ground Weapons Level 1  
  79  6:22  Protoss Ground Armor Level 1  
  79  6:25  Colossus  
  79  6:31  Sentry x2  
  83  6:33  Zealot x4  
  97  6:56  Probe x2  
  97  6:57  Probe  
  100  7:02  Zealot x2  
  100  7:03  Zealot x2  
  108  7:11  Pylon  
  108  7:12  Pylon  
  108  7:13  Pylon  
  108  7:14  Pylon  
  108  7:20  Warp Prism  
  108  7:26  Probe  
  108  7:29  Probe x2  
  113  7:31  Assimilator x2  
  113  7:34  Sentry x3  
  113  7:35  Zealot x6  
  131  7:38  Probe  
  131  7:41  Probe x2  
  134  7:54  Probe x2  
Show
View Real Time Build Order
Export as new Build Order

A.I. 2 (Easy) Terran 

Build Orders:  

Get SALT Encoding   

  12  0:00  SCV  
  13  0:13  SCV  
  14  0:18  Supply Depot  
  14  0:25  SCV  
  15  0:39  SCV  
  16  0:43  Barracks  
  16  1:09  Command Center  
  16  1:29  Orbital Command  
  16  1:31  Supply Depot  
  16  1:32  Marine  
  17  1:41  Refinery  
  17  1:50  Marine  
  17  1:52  Refinery  
  18  1:55  SCV  
  19  2:07  SCV  
  19  2:08  Marine  
  21  2:19  SCV  
  21  2:20  SCV  
  23  2:27  Barracks Tech Lab  
  23  2:31  SCV  
  23  2:32  SCV  
  25  2:45  Marauder  
  25  2:48  SCV  
  28  2:53  SCV  
  29  3:00  SCV  
  29  3:05  SCV  
  31  3:08  Reaper  
  32  3:13  SCV  
  32  3:16  Refinery  
  33  3:22  SCV, Supply Depot  
  33  3:26  SCV  
  35  3:34  SCV  
  35  3:38  SCV  
  35  3:40  Marine  
  38  3:46  SCV  
  39  3:49  Supply Depot  
  39  3:51  SCV  
  40  3:58  Marauder, SCV  
  43  4:03  SCV  
  44  4:11  SCV  
  44  4:12  Factory  
  45  4:20  Marauder  
  47  4:26  Refinery  
  47  4:28  Supply Depot  
  47  4:29  SCV  
  48  4:34  SCV  
  49  4:41  SCV  
  49  4:43  Marauder  
  52  4:50  SCV  
  52  4:52  Supply Depot  
  53  4:54  SCV  
  53  4:59  Starport  
  54  5:02  SCV  
  54  5:06  SCV, Reaper  
  57  5:14  SCV  
  57  5:18  SCV  
  59  5:22  Supply Depot  
  59  5:26  SCV  
  60  5:30  SCV  
  61  5:37  Starport Tech Lab, Marine  
  61  5:38  SCV  
  63  5:42  SCV  
  64  5:50  SCV  
  64  5:55  Marine  
  66  5:57  Raven  
  68  6:16  SCV  
  68  6:18  Marine  
  69  6:40  Raven  
  69  6:42  Marauder  
  73  7:04  Marine  
  74  8:05  Raven  
  74  8:07  Reaper  
  53  8:20  Supply Depot  
  53  8:22  SCV, Hellion  
  26  8:34  SCV  
  20  8:46  SCV  
Tags
 
Add a new tag
Caveats
  • Supply blocks, unpowered buildings, or Contaminate may cause inaccurate times.
  • Supply counts are checked every 10 seconds.